 Dungeon Crawl Stone Soup version 0.30.0-29-ga12c61a403 (webtiles) character file.

Game seed: 15771209597998680242

3003 Fodor the Protected (level 9, 0/79 HPs)
             Began as a Minotaur Fighter on June 12, 2023.
             Was an Initiate of the Shining One.
             Slain by a boulder beetle (13 damage)
             ... on level 7 of the Dungeon.
             The game lasted 00:41:45 (7425 turns).

Fodor the Protected (Minotaur Fighter)              Turns: 7425, Time: 00:41:45

Health: 0/79       AC: 11    Str: 21      XL:     9   Next: 54%
Magic:  8/8        EV:  9    Int:  5      God:    the Shining One [......]
Gold:   496        SH:  5    Dex: 13 (14) Spells: 8/8 levels left

rFire   . . .        B - +3 morningstar
rCold   + . .        c - +0 buckler
rNeg    . . .        y - +0 chain mail
rPois   .            (helmet restricted)
rElec   .            (no cloak)
rCorr   .            (no gloves)
SInv    .            (no boots)
Will    .....        (no amulet) Stlth
                     b - ring of protection from cold
HPRegen 0.33/turn    (no ring)
MPRegen 0.11/turn

%: no passive effects
@: glowing
A: horns 2, retaliatory headbutt, deterioration 1, screaming 1
a: Renounce Religion


You were on level 7 of the Dungeon.
You worshipped the Shining One.
The Shining One was noncommittal.
You visited 2 branches of the dungeon, and saw 8 of its levels.

You collected 496 gold pieces.

Inventory:

Hand Weapons
 a - a +1 flail of holy wrath
 m - a +3 dagger of speed
 s - a +1 whip of venom
 B - a +3 morningstar (weapon)
 H - a +2 trident of holy wrath
 O - a +2 whip of freezing
Missiles
 e - 78 stones
 l - 4 boomerangs
 u - a throwing net
 F - 5 datura-tipped darts
 I - 3 javelins
 J - 22 poisoned darts (quivered)
Armour
 c - a +0 buckler (worn)
 y - a +0 chain mail (worn)
Jewellery
 b - a ring of protection from cold (left hand)
 d - a ring of magical power
 C - a ring of protection from cold
Wands
 h - a wand of flame (35)
 A - a wand of paralysis (17)
Scrolls
 g - a scroll of poison {unknown}
 i - 3 scrolls of vulnerability
 j - 2 scrolls of magic mapping
 n - a scroll of enchant weapon {unknown}
 p - 2 scrolls of enchant armour {unknown}
 t - 2 scrolls of blinking {unknown}
 v - 4 scrolls of teleportation
 w - a scroll of fog {unknown}
 z - a scroll of fear {unknown}
 K - 2 scrolls of immolation {unknown}
 L - a scroll of noise {unknown}
Potions
 f - a potion of lignification {unknown}
 k - 3 potions of heal wounds {unknown}
 o - 2 potions of haste {unknown}
 q - a potion of attraction {unknown}
 r - a potion of experience {unknown}
 x - 2 potions of resistance {unknown}
 D - 2 potions of mutation
 E - a potion of invisibility {unknown}
 G - a potion of magic {unknown}
 M - a potion of curing
 N - a potion of flight {unknown}


   Skills:
 + Level 7.1 Fighting
 + Level 4.7 Long Blades
 + Level 8.7 Maces & Flails
 + Level 2.1 Throwing
 + Level 9.4 Armour
 + Level 3.0 Dodging
 + Level 1.0 Stealth
 + Level 5.8 Shields


You had 8 spell levels left.
You didn't know any spells.
Your spell library contained the following spells:

 Spells                   Type           Power      Damage    Failure   Level
 Sting                    Tmut/Pois      0%         1d3       98%         1
 Poisonous Vapours        Pois/Air       0%         N/A       99%         2
 Anguish                  Hex/Necr       0%         N/A       100%        4
 Cause Fear               Hex            0%         N/A       100%        4
 Olgreb's Toxic Radiance  Pois           0%         N/A       100%        4
 Enfeeble                 Hex            0%         N/A       100%        7


Dungeon Overview and Level Annotations

Branches:
Dungeon (7/15)             Temple (1/1) D:7

Altars:
Cheibriados
Dithmenos
Elyvilon
Fedhas
Hepliaklqana
Kikubaaqudgha
Makhleb
Nemelex Xobeh
Okawaru
Qazlal
Sif Muna
Trog
Uskayaw
Vehumet
Wu Jian
Xom
Zin
The Shining One


Innate Abilities, Weirdness & Mutations

You have a pair of horns on your head.
You reflexively headbutt those who attack you in melee.
Your body sometimes deteriorates upon taking damage.
You occasionally shout uncontrollably at your foes.


Message History

Your body deteriorates!
You feel clumsy.
You thump the boulder beetle!
You headbutt the boulder beetle, but do no damage.
The boulder beetle is severely wounded.
You block the boulder beetle's attack.
You hit the boulder beetle.
The boulder beetle is almost dead.
The boulder beetle leaps!
You see here a metallic green potion.
You see here a +0 falchion.
You now have 496 gold pieces (gained 22).
You pick up a book of Hexes and begin reading...
You add the spells Anguish, Cause Fear and Enfeeble to your library.
The boulder beetle curls into a ball and begins rolling!
The boulder beetle hits you!!
* * * LOW HITPOINT WARNING * * *
The boulder beetle stops rolling and uncurls.
You see here a metallic green potion.
You hit the boulder beetle.
The boulder beetle is almost dead.
The boulder beetle bites you!! The Shining One protects you from harm!
You hit the boulder beetle but do no damage.
The boulder beetle is almost dead.
You block the boulder beetle's attack.
You hit the boulder beetle but do no damage.
The boulder beetle is almost dead.
The boulder beetle barely misses you.
You hit the boulder beetle but do no damage.
You headbutt the boulder beetle.
The boulder beetle is almost dead.
The boulder beetle bites you but does no damage.
The boulder beetle leaps!
There is an open door, spattered with blood here.
The boulder beetle bites you!
* * * LOW HITPOINT WARNING * * *
You hit the boulder beetle but do no damage.
The boulder beetle is almost dead.
The boulder beetle bites you!
You die...

#.#.###.#.#.#
#..######.#..
#.........#..
#####+#########'#####..
#!..#.#..)#####)#####..
#)).#.#...##..#.#..##..
#..!#.#)..##..#....##..
#.####'.B######.#.#####..
#.'....#@...'....#....'.#
#.####+.'########.#.###.#
#.#...##....#..##.#
#)#...##..#.#[.##.#
#)#..)#####.#####.#
.$#####)#########'#####.#
........................#
..................#######
###################


You could see a boulder beetle.

Vanquished Creatures
  Prince Ribbit (D:5)
  2 vampire mosquitoes (D:7)
  2 steam dragons
  An acid dragon (D:7)
  3 water moccasins
  An ice beast (D:6)
  A black bear (D:6)
  3 sky beasts
  2 ogres
  A centaur (D:7)
  2 bullfrogs (D:7)
  A scorpion (D:6)
  A killer bee (D:7)
  5 orc priests
  A gnoll bouda (D:7)
  4 hounds
  A jelly (D:7)
  Jessica (D:2)
  7 iguanas
  4 orc wizards
  3 sleepcaps (D:7)
  6 gnolls (D:3)
  8 adders
  A shadow imp (D:7)
  A white imp (D:7)
  2 ufetubi
  3 dart slugs
  29 orcs
  3 bats (D:1)
  3 endoplasms
  A giant cockroach (D:4)
  8 goblins
  4 hobgoblins
  8 kobolds
  3 quokkas
  9 ball pythons
  6 frilled lizards
  11 rats
153 creatures vanquished.

Notes
Turn   | Place    | Note
-------+----------+-------------------------------------------
     0 | D:1      | Fodor the Minotaur Fighter began the quest for the Orb.
     0 | D:1      | Reached XP level 1. HP: 19/19 MP: 0/0
   311 | D:1      | Reached XP level 2. HP: 27/27 MP: 1/1
   441 | D:1      | Reached skill level 4 in Armour
  1316 | D:2      | Noticed Jessica
  1320 | D:2      | Killed Jessica
  1321 | D:2      | Reached XP level 3. HP: 17/33 MP: 2/2
  1690 | D:2      | Reached XP level 4. HP: 40/40 MP: 3/3
  2000 | D:3      | Reached skill level 5 in Armour
  2020 | D:3      | Found a hide-covered altar of Uskayaw.
  2178 | D:3      | Found a burning altar of Makhleb.
  2234 | D:3      | Reached XP level 5. HP: 33/46 MP: 4/4
  2353 | D:3      | Reached skill level 1 in Throwing
  2643 | D:3      | Found a faded altar of an unknown god.
  2981 | D:4      | You fall into a shaft and drop 3 floors!
  2996 | D:6      | Noticed a steam dragon
  3006 | D:6      | Killed a steam dragon
  3007 | D:6      | Reached skill level 1 in Maces & Flails
  3007 | D:6      | Reached XP level 6. HP: 44/53 MP: 5/5
  3222 | D:6      | Noticed an ice beast
  3246 | D:6      | Killed an ice beast
  3247 | D:6      | Reached skill level 6 in Armour
  3541 | D:5      | Entered Level 5 of the Dungeon
  3541 | D:5      | Noticed Prince Ribbit
  3555 | D:5      | Killed Prince Ribbit
  3556 | D:5      | Reached skill level 5 in Fighting
  3556 | D:5      | Reached skill level 1 in Dodging
  3556 | D:5      | Reached XP level 7. HP: 39/61 MP: 6/6
  3738 | D:4      | Reached skill level 7 in Armour
  4823 | D:5      | Gained mutation: You occasionally shout uncontrollably at
                  | your foes. [potion of mutation]
  4823 | D:5      | Gained mutation: Your body sometimes deteriorates upon
                  | taking damage. [potion of mutation]
  5135 | D:5      | Reached XP level 8. HP: 68/68 MP: 7/7
  5376 | D:5      | Reached skill level 5 in Maces & Flails
  5587 | D:6      | Reached skill level 8 in Armour
  5587 | D:6      | Reached skill level 5 in Shields
  6433 | D:6      | Found a glowing silver altar of Zin.
  6528 | D:7      | Found a staircase to the Ecumenical Temple.
  6538 | Temple   | Entered the Ecumenical Temple
  6565 | Temple   | Became a worshipper of the Shining One
  6898 | D:7      | Reached XP level 9. HP: 60/77 MP: 8/8
  6900 | D:7      | Reached skill level 9 in Armour
  6900 | D:7      | Reached skill level 1 in Stealth
  7400 | D:7      | Noticed a boulder beetle
  7418 | D:7      | The Shining One protects you from harm!
  7425 | D:7      | Slain by a boulder beetle

Illustrated notes

Levels and vault maps discovered:
D:1:      dpeg_arrival_chambers_temple_mockup, layout_loops_ring,
          minmay_quantized
D:2:      layout_loops_ring, uniq_jessica
D:3:      layout_basic, mainiacjoe_overflow_brackets,
          eat_drink_and_be_merry_uskayaw, ebering_ecumenical_altar_box,
          kennysheep_generic_room_12
D:4:      layout_basic
D:5:      layout_rooms, minmay_misc_feat_hallway, uniq_prince_ribbit1
D:6:      layout_layer_cave, marbit_many_paths, nicolae_eternal_life
D:7:      layout_basic, lemuel_tele_altar, minmay_temple_entry_nine_rooms,
          hangedman_abyss_or_decor_passed, minmay_the_grid_2x2
          [minmay_the_grid_dragon_b, minmay_the_grid_box_x,
          minmay_the_grid_rooms, minmay_the_grid_prize_four_corners]
Temple:   hellmonk_temple_two_chambers

Skill      XL: |  1  2  3  4  5  6  7  8  9 |
---------------+----------------------------+-----
Armour         | 4 5 6 7 8 9 |  9.4
Long Blades    | 3 4 |  4.7
Fighting       | 4 5 6 7 |  7.1
Shields        | 4 5 |  5.8
Throwing       | 1 2 |  2.1
Maces & Flails | 1 3 4 7 8 |  8.7
Dodging        | 1 2 3 |  3.0
Stealth        | 1 |  1.0

Action                     |  1- 3 |  4- 6 |  7- 9 || total
---------------------------+-------+-------+-------++-------
  Melee: Long sword        |    53 |    36 |       ||    89
         Headbutt          |    10 |    18 |    47 ||    75
         Whip              |       |    71 |    29 ||   100
         Morningstar       |       |       |   205 ||   205
  Throw: Boomerang         |       |    11 |     7 ||    18
         Dart              |       |       |     2 ||     2
    Use: Potion            |       |       |     5 ||     5
         Scroll            |       |       |     4 ||     4
 Armour: Scale mail        |    28 |    32 |       ||    60
         Chain mail        |       |     9 |   119 ||   128
  Dodge: Dodged            |    32 |    60 |    83 ||   175
  Block: Buckler           |    19 |    28 |    61 ||   108
